 Dungeon Crawl Stone Soup version 0.29.1-12-g30fa7ad0bf (webtiles) character file.

Game seed: 7841427329490121143

19103 zlionsfan the Brawler (level 12, -6/58 HPs)
             Began as a Vine Stalker Cinder Acolyte on Jan 12, 2023.
             Was a Follower of Ignis.
             Mangled by a seven-headed hydra (9 damage)
             ... on level 1 of the Lair of Beasts.
             The game lasted 00:40:25 (12365 turns).

zlionsfan the Brawler (VSCA)                       Turns: 12365, Time: 00:40:27

Health: -6/58      AC:  6    Str: 19    XL:     12   Next: 65%
Magic:  0/20       EV: 15    Int: 16    God:    Ignis [*.....]
Gold:   640        SH:  0    Dex: 20    Spells: 15/20 levels left

rFire   + . .      SeeInvis .   b - +4 broad axe (flame)
rCold   . . .      Faith    .   (no shield)
rNeg    . . .      Spirit   +   h - +1 robe of Fortitude {Slay+3}
rPois   .          Reflect  .   w - +0 hat {Stlth+}
rElec   .          Harm     .   (no cloak)
rCorr   .          Rampage  .   u - +2 pair of gloves {Str+3}
Will    +....                   (no boots)
Stlth   +++++.....              (no amulet)
HPRegen 0.99/turn               x - +4 ring of slaying
MPRegen 0.17/turn               p - +6 ring of dexterity

@: no status effects
A: fangs 3, regeneration 1, magic shield, antimagic bite, no potion heal 2
a: Renounce Religion, Fiery Armour, Foxfire Swarm, Rising Flame


You were on level 1 of the Lair of Beasts.
You worshipped Ignis.
Ignis was aware of your devotion.
You visited 3 branches of the dungeon, and saw 13 of its levels.
You also visited: Sewer and Gauntlet.

You collected 710 gold pieces.
You spent 70 gold pieces at shops.

Inventory:

Hand Weapons
 b - a +4 broad axe of flaming (weapon)
Missiles
 c - 2 throwing nets
 r - 13 javelins (quivered)
Armour
 h - the +1 robe of Fortitude (worn) {Slay+3}
   (You found it on level 2 of the Dungeon)

   Slay:      It affects your accuracy & damage with ranged weapons and melee
   (+3).
 u - a +2 pair of gloves of strength (worn)
 w - a +0 hat of stealth (worn)
Jewellery
 e - a ring of fire
 j - a ring of resist corrosion
 p - a +6 ring of dexterity (right hand)
 x - a +4 ring of slaying (left hand)
 D - a +4 ring of protection
Wands
 v - a wand of mindburst (31)
 z - a wand of paralysis (2)
 C - a wand of roots (3)
Scrolls
 f - 5 scrolls of blinking
 k - 2 scrolls of fog
 o - 5 scrolls of poison
 q - 8 scrolls of teleportation
 s - 3 scrolls of amnesia
 y - a scroll of brand weapon
Potions
 a - a potion of invisibility
 d - a potion of degeneration {unknown}
 g - 3 potions of might
 i - 7 potions of curing
 l - a potion of resistance {unknown}
 m - 3 potions of brilliance
 n - 3 potions of lignification
 t - 3 potions of haste
 A - 2 potions of flight
 B - 3 potions of ambrosia
 E - a potion of attraction {unknown}


   Skills:
 + Level 4.7 Fighting
 * Level 1.0 Axes
 + Level 2.3 Throwing
 + Level 4.9 Dodging
 + Level 7.4 Stealth
 * Level 17.1 Unarmed Combat
 * Level 4.8 Spellcasting
 + Level 1.4 Conjurations
 + Level 0.3 Transmutations
 + Level 3.1 Fire Magic
 + Level 0.1 Poison Magic


You had 15 spell levels left.
You knew the following spells:

 Your Spells              Type           Power      Damage    Failure   Level
a - Magic Dart            Conj           32%        1d4       9%          1
b - Sting                 Tmut/Pois      16%        1d3       14%         1
c - Scorch                Fire           26%        2d6       6%          2
d - Shock                 Conj/Air       24%        1d4       12%         1

Your spell library contained the following spells:

 Spells                   Type           Power      Damage    Failure   Level
 Summon Small Mammal      Summ           12%        N/A       16%         1
 Call Canine Familiar     Summ           3%         N/A       43%         3
 Ozocubu's Armour         Ice            3%         N/A       43%         3
 Summon Guardian Golem    Hex/Summ       3%         N/A       43%         3
 Swiftness                Air            3%         N/A       43%         3
 Flame Wave               Conj/Fire      11%        2d6       52%         4
 Hailstorm                Conj/Ice       6%         3d4       75%         4
 Airstrike                Air            1%         2d(1-17)  83%         4
 Passage of Golubria      Tloc           3%         N/A       83%         4
 Metabolic Englaciation   Hex/Ice        1%         N/A       99%         5
 Silence                  Hex/Air        1%         N/A       99%         5
 Conjure Ball Lightning   Conj/Air       3%         3x3d6     100%        6
 Iron Shot                Conj/Erth      3%         9d2       100%        6
 Simulacrum               Ice/Necr       1%         N/A       100%        6
 Summon Cactus Giant      Summ           1%         N/A       100%        6
 Lehudib's Crystal Spear  Conj/Erth      3%         10d2      100%        8


Dungeon Overview and Level Annotations

Branches:
Dungeon (11/15)            Temple (1/1) D:7            Lair (1/5) D:8
    Orc (0/2) D:11          Sewer (visited)         Gauntlet (visited)

Altars:
Ashenzari
Cheibriados
Dithmenos
Elyvilon
Fedhas
Gozag
Hepliaklqana
Kikubaaqudgha
Makhleb
Nemelex Xobeh
Okawaru
Qazlal
Ru
Sif Muna
Trog
Uskayaw
Vehumet
Wu Jian
Xom
Yredelemnul
Zin
The Shining One

Shops:
D:4 ?

Annotations:
D:2 1 runed translucent door, Crazy Yiuf
D:3 1 runed translucent door
D:10 3 runed translucent doors, wormed's ghost, journeyman DjFE


Innate Abilities, Weirdness & Mutations

You have razor-sharp teeth.
Your natural rate of healing is unusually fast.
When hurt, damage is shared between your health and your magic reserves.
Your bite disrupts and absorbs the magic of your enemies.
Potions cannot restore your health.


Message History

Aim: an eight-headed hydra (lightly wounded)
The roots erupt in riotous growth!
Roots grab the eight-headed hydra.
The grasping roots constrict the eight-headed hydra.
The eight-headed hydra struggles to escape constriction.
The grasping roots constrict the eight-headed hydra!
The roots release their grip on the eight-headed hydra.
An alligator comes into view.
Aiming: Fastroot
Press: ? - help, Shift-Dir - straight line, f/p - eight-headed hydra
Aim: an eight-headed hydra (lightly wounded)
The roots erupt in riotous growth!
Roots grab the eight-headed hydra.
The grasping roots constrict the eight-headed hydra.
The eight-headed hydra struggles to escape constriction.
The grasping roots constrict the eight-headed hydra.
The roots release their grip on the eight-headed hydra.
Aiming: Paralyse
Press: ? - help, Shift-Dir - straight line, f/p - eight-headed hydra
Aim: an eight-headed hydra (moderately wounded, chance to affect: 17%)
The eight-headed hydra resists with almost no effort.
You hack one of the eight-headed hydra's heads off!
The flame cauterises the wound!
You hit the seven-headed hydra. You burn the seven-headed hydra.
Your bite misses the seven-headed hydra.
The seven-headed hydra is moderately wounded.
The seven-headed hydra bites you! The seven-headed hydra bites you.
The seven-headed hydra bites you but does no damage.
The seven-headed hydra closely misses you.
The seven-headed hydra bites you! x5
* * * LOW HITPOINT WARNING * * *
The seven-headed hydra bites you.
* * * LOW HITPOINT WARNING * * *
The seven-headed hydra bites you!
* * * LOW HITPOINT WARNING * * *
The seven-headed hydra bites you.
* * * LOW HITPOINT WARNING * * *
The seven-headed hydra barely misses you.
The seven-headed hydra bites you!
You die...

##P........###..#.###............
####..........#+#.##.............
##.......##.....#.............
##......#.#...#.#...........#
##...#...#...#.#..........##
##..####....8...#......##.###
###.### ##.......#############
##..## ####.#...#.# ###.P. ##...#
##..##..@..## ##.#... #..P##
#....#..D### ##P..... ..P##
###..#......#######....... .###
##.8.#...##......8..#...... ##
##.............#.....#...... ##
#.8.>..÷...8...+..>.8#...... .#
##.[...#.................... ##
####.8..#..†###.##.8......... #
#..##.##.#......######.......


You could see a seven-headed hydra.

Vanquished Creatures
  Gastronok (D:8)
  A hydra (Lair:1)
  2 two-headed ogres
  2 centaur warriors (D:8)
  A death yak (Lair:1)
  Pikel (D:9)
  A manticore (Lair:1)
  A gargoyle (D:11)
  2 black mambas (Lair:1)
  A cane toad (Lair:1)
  A komodo dragon (Lair:1)
  Maggie (D:8)
  A hornet (Lair:1)
  A vampire (D:11)
  3 shadows
  2 water elementals (D:11)
  Sigmund (D:5)
  5 humans (D:6)
  22 yaks
  A basilisk (Lair:1)
  A wyvern (D:10)
  A vampire mosquito (D:8)
  A steam dragon (D:6)
  3 water moccasins
  An acid dragon (D:10)
  2 ice beasts
  A sky beast (D:6)
  8 orc warriors
  Pargi (Sewer)
  4 black bears
  A wolf (Lair:1)
  An ogre (D:7)
  7 centaurs
  2 phantoms (D:5)
  A lemure (D:9)
  11 bullfrogs
  A kobold brigand (D:9)
  4 scorpions
  2 necrophages
  4 gnoll sergeants
  12 wights
  9 killer bees
  2 howler monkeys
  3 jellies
  2 electric eels
  A hound (D:5)
  3 orc priests
  A gnoll bouda (D:9)
  An iguana (D:5)
  13 orc wizards
  Natasha (thrice) (D:2)
  The ghost of hawla the Firebug, a weakling MeFE (D:3)
  Robin (D:2)
  25 gnolls
  7 adders
  2 shadow imps
  A white imp (D:7)
  2 ufetubi
  5 worms
  A dart slug (D:2)
  36 orcs
  8 ball pythons
  6 bats
  8 endoplasms
  3 giant cockroaches
  16 goblins
  8 hobgoblins
  4 jackals (D:4)
  2 quokkas
  A frilled lizard (D:2)
  12 kobolds
  7 rats
314 creatures vanquished.

Vanquished Creatures (others)
  21 fungi (D:8)
  27 plants
  A withered plant (Gauntlet)
49 creatures vanquished.

Grand Total: 363 creatures vanquished

Notes
Turn   | Place    | Note
-------+----------+-------------------------------------------
     0 | D:1      | zlionsfan the Vine Stalker Cinder Acolyte began the quest
                  | for the Orb.
     0 | D:1      | Reached XP level 1. HP: 11/11 MP: 3/3
   580 | D:1      | Reached XP level 2. HP: 15/16 MP: 4/4
  1183 | D:2      | Identified the +1 robe of Fortitude {Slay+3}
  1204 | D:2      | Noticed Robin
  1213 | D:2      | Killed Robin
  1214 | D:2      | Reached XP level 3. HP: 13/19 MP: 2/5
  1225 | D:2      | Reached skill level 4 in Unarmed Combat
  1383 | D:2      | Gained mutation: Your natural rate of healing is unusually
                  | fast. [Vine Stalker growth]
  1383 | D:2      | Reached XP level 4. HP: 17/24 MP: 4/6
  1476 | D:2      | Found a faded altar of an unknown god.
  1693 | D:2      | Found a runed translucent door.
  1694 | D:2      | Noticed Crazy Yiuf
  1740 | D:2      | Noticed Natasha
  1752 | D:2      | Killed Natasha
  1753 | D:2      | Reached XP level 5. HP: 26/28 MP: 7/7
  2084 | D:2      | Noticed Natasha
  2089 | D:2      | Killed Natasha
  2160 | D:2      | Noticed Natasha
  2167 | D:2      | Killed Natasha
  2168 | D:2      | Reached skill level 1 in Dodging
  2168 | D:2      | Reached skill level 1 in Stealth
  2168 | D:2      | Reached skill level 5 in Unarmed Combat
  2223 | D:3      | Found a runed translucent door.
  2228 | D:3      | Noticed hawla's ghost (weakling MeFE)
  3034 | D:3      | Found a runed translucent door.
  3046 | D:3      | Killed hawla's ghost
  3047 | D:3      | Reached XP level 6. HP: 32/32 MP: 8/8
  3361 | D:4      | Reached skill level 6 in Unarmed Combat
  3524 | D:4      | Reached XP level 7. HP: 33/36 MP: 7/9
  3579 | D:4      | Found Xuen's Magic Scroll Shop.
  3582 | D:4      | Bought a scroll of identify for 28 gold pieces
  3582 | D:4      | Bought a scroll of teleportation for 42 gold pieces
  3912 | D:5      | Entered Level 5 of the Dungeon
  3912 | D:5      | Noticed Sigmund
  4021 | D:5      | Identified a scroll of acquirement
  4022 | D:5      | Acquired Faeq's Tome of the Stinger and the Salvo
  4026 | D:5      | Learned a level 1 spell: Magic Dart
  4028 | D:5      | Learned a level 1 spell: Sting
  4031 | D:5      | Learned a level 2 spell: Scorch
  4098 | D:5      | Reached skill level 7 in Unarmed Combat
  4239 | D:5      | Reached skill level 8 in Unarmed Combat
  4239 | D:5      | Gained mutation: You have razor-sharp teeth. [Vine Stalker
                  | growth]
  4239 | D:5      | Reached XP level 8. HP: 34/42 MP: 6/10
  4557 | D:5      | Found a glowing drain.
  4566 | Sewer    | Entered a sewer
  4684 | Sewer    | Noticed Pargi
  4688 | Sewer    | Killed Pargi
  4846 | D:5      | Killed Sigmund
  4847 | D:5      | Reached skill level 9 in Unarmed Combat
  5247 | D:6      | Reached skill level 10 in Unarmed Combat
  5254 | D:6      | Reached XP level 9. HP: 37/45 MP: 4/11
  5592 | D:6      | Reached skill level 11 in Unarmed Combat
  5715 | D:6      | Reached skill level 1 in Conjurations
  6060 | D:7      | Found a stormy altar of Qazlal.
  6063 | D:7      | Found a blossoming altar of Fedhas.
  6300 | D:7      | Found a staircase to the Ecumenical Temple.
  6308 | Temple   | Entered the Ecumenical Temple
  7164 | D:7      | Found a sparkling altar of Nemelex Xobeh.
  7346 | D:8      | Reached skill level 12 in Unarmed Combat
  7365 | D:8      | Noticed Maggie
  7374 | D:8      | Killed Maggie
  7375 | D:8      | Reached XP level 10. HP: 49/49 MP: 11/13
  7493 | D:8      | Reached skill level 13 in Unarmed Combat
  7507 | D:8      | Found a staircase to the Lair.
  7518 | D:8      | Reached skill level 1 in Throwing
  7857 | D:8      | Noticed a centaur warrior
  7861 | D:8      | Killed a centaur warrior
  7862 | D:8      | Reached skill level 5 in Stealth
  7864 | D:8      | Noticed a centaur warrior
  7877 | D:8      | Killed a centaur warrior
  7878 | D:8      | Reached skill level 14 in Unarmed Combat
  7919 | D:8      | Reached XP level 11. HP: 50/53 MP: 12/14
  8105 | D:8      | Noticed Gastronok
  8114 | D:8      | Killed Gastronok
  8657 | D:9      | Noticed a two-headed ogre
  8705 | D:9      | Found an ornate altar of the Wu Jian Council.
  8879 | D:9      | Reached skill level 15 in Unarmed Combat
  9333 | D:9      | Noticed Pikel
  9347 | D:9      | Killed Pikel
  9389 | D:9      | Killed a two-headed ogre
  9552 | D:10     | Entered Level 10 of the Dungeon
  9552 | D:10     | Noticed a two-headed ogre
  9757 | D:10     | Learned a level 1 spell: Shock
  9765 | D:10     | Killed a two-headed ogre
  9931 | D:10     | Found a runed translucent gate.
  9931 | D:10     | Found a runed translucent gate.
  9931 | D:10     | Found a runed translucent gate.
  9932 | D:10     | Noticed wormed's ghost (journeyman DjFE)
 10157 | D:11     | Found a gate leading to a gauntlet.
 10164 | Gauntlet | Entered a Gauntlet
 10164 | Gauntlet | Found a runed translucent door.
 10164 | Gauntlet | Found a transporter.
 10164 | Gauntlet | Found a runed translucent door.
 10164 | Gauntlet | Found a transporter.
 10165 | Gauntlet | Found a runed translucent door.
 10166 | Gauntlet | Found a transporter.
 10168 | Gauntlet | Found a transporter.
 10168 | Gauntlet | Noticed a faun
 10168 | Gauntlet | Noticed a soul eater
 10169 | Gauntlet | Found a transporter.
 10202 | Gauntlet | Found a transporter.
 10205 | Gauntlet | Found a transporter.
 10205 | Gauntlet | Found a transporter.
 10207 | Gauntlet | Noticed an obsidian statue
 10207 | Gauntlet | Noticed a death scarab
 10234 | Gauntlet | Noticed a shock serpent
 10244 | Gauntlet | Noticed a fire crab
 10247 | Gauntlet | Found a transporter.
 10607 | D:11     | Reached skill level 16 in Unarmed Combat
 10607 | D:11     | Reached XP level 12. HP: 50/58 MP: 12/18
 10643 | D:11     | Found a staircase to the Orcish Mines.
 11318 | Lair:1   | Entered Level 1 of the Lair of Beasts
 11377 | Lair:1   | Identified the +9 spear "Esaoquc" {pain, Str+3}
 12005 | Lair:1   | Noticed a four-headed hydra
 12008 | Lair:1   | Noticed an eight-headed hydra
 12041 | Lair:1   | Killed a two-headed hydra
 12042 | Lair:1   | Reached skill level 17 in Unarmed Combat
 12292 | Lair:1   | Noticed a death yak
 12302 | Lair:1   | Killed a death yak
 12303 | Lair:1   | Reached skill level 1 in Axes
 12348 | Lair:1   | Noticed an alligator
 12365 | Lair:1   | Mangled by a seven-headed hydra

Illustrated notes

Levels and vault maps discovered:
D:1:      dpeg_arrival_rhombus, layout_loops_cross
D:2:      layout_basic, ebering_ecumenical_altar_mist, uniq_robin,
          uniq_crazy_yiuf_cottage, uniq_natasha
D:3:      layout_basic, ebering_ghost_sewer_f
D:4:      layout_basic, serial_shops, nicolae_shop_behind_doors
D:5:      layout_basic, cheibrodos_sewer_entry_bend, st_stairs_5,
          nicolae_figureground_pulse, uniq_sigmund
D:6:      layout_basic, serial_rivers, chequers_serial_rivers_marsh,
          chequers_serial_rivers_marsh, chequers_serial_rivers_micro_a,
          chequers_serial_rivers_marsh, minmay_ruffians
D:7:      layout_basic, grunt_temple_overflow_forces_of_nature,
          nemelex_dance_club_becter, minmay_temple_entry_water_ring
D:8:      minmay_distorted_concentric_squares, layout_basic,
          due_lair_maze_entry_diamond, minmay_crystal_water,
          hangedman_abyss_or_decor_passed, uniq_maggie, uniq_gastronok
D:9:      layout_stronghold, nicolae_wu_jian_wuxing_cycle, uniq_pikel
D:10:     layout_cave_pools, ebering_ghost_rock_garden
D:11:     layout_loops_ring, erik_orc_2, gauntlet_entry_generic,
          kennysheep_generic_room_2
Temple:   hc_temple_tempest_star
Lair:1:   layout_cave_pods, serial_bayou_pond_c, nicolae_lair_lakeside_cave,
          grunt_megastairs_1

Skill      XL: |  1  2  3  4  5  6  7  8  9 10 11 12 |
---------------+-------------------------------------+-----
Fighting       | 3 4 |  4.7
Unarmed Combat | 4 5 6 8 10 12 14 16 17 | 17.1
Dodging        | 1 2 3 4 |  4.9
Stealth        | 1 2 3 4 5 6 7 |  7.4
Conjurations   | 1 |  1.4
Throwing       | 1 2 |  2.3
Spellcasting   | 3 4 |  4.8
Axes           | 1 |  1.0
Transmutations | |  0.3
Fire Magic     | |  3.1
Poison Magic   | |  0.1

Action                   |  1- 3 |  4- 6 |  7- 9 | 10-12 || total
-------------------------+-------+-------+-------+-------++-------
Melee: Unarmed           |    80 |   112 |   175 |   335 ||   702
       Bite              |    24 |    26 |    44 |   105 ||   199
       Punch             |     2 |     3 |    15 |    28 ||    48
       Broad axe         |       |       |       |     5 ||     5
Throw: Javelin           |       |       |    11 |     3 ||    14
 Cast: Magic Dart        |       |       |     5 |     4 ||     9
       Sting             |       |       |     1 |       ||     1
Invok: Fiery Armour      |     5 |       |     2 |     5 ||    12
Evoke: Wand              |       |       |       |     6 ||     6
  Use: Scroll            |       |     4 |     6 |    15 ||    25
       Potion            |       |       |       |     1 ||     1
 Stab: Sleeping          |       |     3 |     5 |    14 ||    22
       Distracted        |       |       |       |     1 ||     1
Armor: Robe              |    19 |    16 |    26 |    73 ||   134
Dodge: Dodged            |    38 |    46 |    80 |   177 ||   341
